Selects Airborne Battlegroup
Construct Weapon Support Center
M3 Armored Personnel Carrier
Selects Paratrooper Squad Paradrop
Paratrooper Squad Paradrop
Construct Medical Station
Paratrooper Squad Paradrop
Selects Anti-tank Gun Team Paradrop
Anti-tank Gun Team Paradrop
Paratrooper Squad Paradrop
Selects Smoke Bombing Run
Selects Paradrop Reinforcements
Selects Dual P-47 Rocket Strike
M4(105) Sherman Bulldozer
M18 Hellcat Tank Destroyer
M18 Hellcat Tank Destroyer
M18 Hellcat Tank Destroyer